 Dungeon Crawl Stone Soup version 0.27-a0-1193-g8631133539 (webtiles) character file.

Game seed: 2523718014534531347

62 freelancePsychic the Ruffian (level 3, -1/37 HPs)
             Began as a Troll Monk on May 25, 2021.
             Slain by Sigmund
             ... wielding a +1 scythe of freezing
              (4 damage)
             ... on level 2 of the Dungeon.
             The game lasted 00:01:39 (1131 turns).

freelancePsychic the Ruffian (Troll Monk)           Turns: 1131, Time: 00:01:39

Health: -1/37      AC:  4    Str: 20    XL:     3   Next: 85%
Magic:  2/2        EV: 10    Int:  6    God:
Gold:   45         SH:  0    Dex: 12    Spells: 2/2 levels left

rFire    . . .     SeeInvis .     - Unarmed
rCold    . . .     Faith    .   (no shield)
rNeg     . . .     Spirit   .   a - +0 robe
rPois    .         Reflect  .   (helmet restricted)
rElec    .         Harm     .   (no cloak)
rCorr    .         Rampage  .   (gloves unavailable)
Will     .....                  (boots unavailable)
Stlth    +.........             (no amulet)
HPRegen  1.12/turn              (no ring)
MPRegen  0.08/turn              (no ring)

@: confused
A: large, unfitting armour, claws 3, regeneration 1, shaggy fur 1, tough skin 1
a: no special abilities


You were on level 2 of the Dungeon.
You visited 1 branch of the dungeon, and saw 2 of its levels.

You collected 45 gold pieces.

Inventory:

Missiles
 b - a javelin (quivered)
Armour
 a - a +0 robe (worn)
Jewellery
 d - a ring of wizardry
Scrolls
 g - a scroll of noise
 h - a scroll of teleportation {unknown}
Potions
 c - a potion of berserk rage {unknown}
 e - a potion of curing {unknown}
 f - a potion of flight {unknown}
 i - 2 potions of magic {unknown}


   Skills:
 + Level 3.0 Fighting
 - Level 2.4 Dodging
 - Level 1.0 Stealth
 * Level 4.3 Unarmed Combat


You had 2 spell levels left.
You didn't know any spells.
Your spell library was empty.

Dungeon Overview and Level Annotations

Branches:
Dungeon (2/15)

Altars:

Annotations:
D:2 Sigmund


Innate Abilities, Weirdness & Mutations

You are too large for most types of armour.
You have claws for hands.
Your natural rate of healing is unusually fast.
You are covered in fur. (AC +1)
You have tough skin. (AC +1)


Message History

The magic dart hits you.
You barely miss Sigmund.
Sigmund is almost dead.
Sigmund gestures at you while chanting.
You are more confused.
You bump into the rock wall.
Sigmund hits you with a +1 scythe of freezing.
Sigmund freezes you.
You barely miss Sigmund.
Sigmund is almost dead.
Sigmund completely misses you.
You scratch Sigmund but do no damage.
Sigmund is almost dead.
Sigmund barely misses you.
You bump into the rock wall.
Sigmund screams, "Don't try to resist!"
Sigmund closely misses you.
You bump into the rock wall.
Sigmund misses you.
You bump into the rock wall.
Sigmund hits you with a +1 scythe of freezing.
Sigmund freezes you.
You bump into the rock wall.
Sigmund hits you with a +1 scythe of freezing.
Sigmund freezes you.
You closely miss Sigmund.
Sigmund is almost dead.
Sigmund points at you and mumbles some strange words.
The magic dart hits you.
You bump into the rock wall.
Sigmund hits you with a +1 scythe of freezing!
* * * LOW HITPOINT WARNING * * *
Sigmund freezes you.
* * * LOW HITPOINT WARNING * * *
You bump into the rock wall.
Sigmund barely misses you.
You closely miss Sigmund.
Sigmund is almost dead.
Sigmund hits you with a +1 scythe of freezing!
* * * LOW HITPOINT WARNING * * *
Sigmund freezes you.
You die...

####.# ##.## ### .....#
#.# #.# ###### #.# ##.#
#.########<##
#.........####
##########.#.# ##.##
#########################
))....##..(....@@........
#####.##.###############.
...................
#####..#.##.#######
#..#.##.# #..#.##.#
....#...# ...@..####
.##....


You could see Sigmund.

Vanquished Creatures
  Terence (D:2)
  A dart slug (D:1)
  3 ball pythons (D:1)
  A bat (D:1)
  3 endoplasms (D:1)
  A hobgoblin (D:1)
  9 jackals (D:1)
  A frilled lizard (D:1)
  5 goblins
  3 kobolds (D:1)
  A rat (D:1)
29 creatures vanquished.

Notes
Turn   | Place    | Note
-------+----------+-------------------------------------------
     0 | D:1      | freelancePsychic the Troll Monk began the quest for the
                  | Orb.
     0 | D:1      | Reached XP level 1. HP: 22/22 MP: 0/0
    93 | D:1      | Reached XP level 2. HP: 29/29 MP: 1/1
   504 | D:1      | Reached XP level 3. HP: 36/36 MP: 2/2
  1035 | D:2      | Noticed Terence
  1051 | D:2      | Killed Terence
  1052 | D:2      | Reached skill level 4 in Unarmed Combat
  1091 | D:2      | Noticed Sigmund
  1131 | D:2      | Slain by Sigmund

Illustrated notes

Levels and vault maps discovered:
D:1:      dpeg_arrival_orchard, layout_loops_corners, serial_forest,
          infiniplex_forest_corner_1, infiniplex_forest_corner_2,
          infiniplex_forest_straight_4, infiniplex_forest_end_2,
          infiniplex_forest_zigzag_1, infiniplex_forest_zigzag_2,
          infiniplex_forest_clump_curved, ebering_dispersal_statue_hall,
          minmay_pentomino_w4
D:2:      layout_loops_ring, shapermc_ecumenical_altar_hornbeckon, uniq_terence,
          uniq_sigmund

Skill      XL: |  1  2  3 |
---------------+----------+-----
Fighting       | 3 |  3.0
Unarmed Combat | 4 |  4.3
Dodging        | |  2.4
Stealth        | |  1.0

Action                   || total
-------------------------++-------
Melee: Unarmed           ||    87
       Punch             ||     3
Throw: Javelin           ||     6
  Use: Scroll            ||     2
 Stab: Sleeping          ||     1
Armor: Robe              ||    36
Dodge: Dodged            ||    54

Table legend: (Time is in decaauts)
 A = Elapsed time spent in this place.
 B = Non-inter-level travel time spent in this place.
 C = Inter-level travel time spent in this place.
 D = Time resting spent in this place.
 E = Time spent auto-exploring this place.
 F = Levels seen in this place.
 G = Mean time per level.
                   A        B        C        D        E       F      G
               +--------+--------+--------+--------+--------+-----+--------+
         Total |   1128 |   1093 |     35 |      0 |    886 |   2 |  564.0 |
       Dungeon |   1128 |   1093 |     35 |      0 |    886 |   2 |  564.0 |
               +--------+--------+--------+--------+--------+-----+--------+

Top non-repeatable levels by time:
     D:1: 983 daAuts
     D:2: 145 daAuts
